 Dungeon Crawl Stone Soup version 0.31-a0-1010-g5322dac6a2 (webtiles) character file.

Game seed: 4926081139205121919

3 kae the Vexing (level 1, -2/13 HPs)
             Began as a Demonspawn Enchanter on Nov 16, 2023.
             Slain by a quokka (5 damage)
             ... on level 1 of the Dungeon.
             The game lasted 00:00:11 (95 turns).

kae the Vexing (Demonspawn Enchanter)                 Turns: 95, Time: 00:00:12

Health: -2/13      AC:  2    Str:  8    XL:     1   Next: 41%
Magic:  3/3        EV: 12    Int: 16    God:
Gold:   12         SH:  0    Dex: 13    Spells: 4/4 levels left

rFire   . . .        a - +1 dagger
rCold   . . .        (no shield)
rNeg    . . .        b - +0 robe
rPois   .            (no helmet)
rElec   .            (no cloak)
rCorr   .            (no gloves)
SInv    .            (no boots)
Will    .....        (no amulet)
Stlth   ++           (no ring)
HPRegen 0.22/turn    (no ring)
MPRegen 0.08/turn

%: no passive effects
@: mighty
A: no striking features
a: no special abilities


You were on level 1 of the Dungeon.
You visited 1 branch of the dungeon, and saw 1 of its levels.

You collected 12 gold pieces.


   Skills:
 * Level 1.0 Short Blades
 - Level 1.7 Dodging
 + Level 2.7 Stealth
 + Level 2.0 Spellcasting
 * Level 3.0 Hexes


You had 4 spell levels left.
You didn't know any spells.
Your spell library contained the following spells:

 Spells                   Type           Power      Damage    Failure   Level
 Ensorcelled Hibernation  Hex/Ice        12%        N/A       17%         2
 Confusing Touch          Hex            11%        N/A       17%         3
 Tukima's Dance           Hex            11%        N/A       17%         3
 Dazzling Flash           Conj/Hex       12%        N/A       32%         3

Inventory:

Hand Weapons
 a - a +1 dagger (weapon)
Missiles
 e - 6 curare-tipped darts {=f}
 f - 7 stones
Armour
 b - a +0 robe (worn)
Potions
 c - 2 potions of invisibility

Dungeon Overview and Level Annotations

Branches:
Dungeon (1/15) Zot: 5904

Altars:

### .. .. #. #. #.## #
...###bK############ .
#.....grhr@........# .
..#..#B#####.....#.#######.
# #. #.P...P.......... #.
##.......#.......# ..
#....<............ .#
##................ #.
#.P...P.####..... ..
##.....## #.....
###.#######.....


You could see a quokka, a jackal, a giant cockroach, a goblin, a bat, a kobold
and a rat.


Message History

The rat barely misses you.
You barely miss the rat. You hit the rat.
You kill the rat!
You hit the endoplasm. The endoplasm freezes you.
You are frozen.
You hit the endoplasm.
You kill the endoplasm!
Your Short Blades skill increases to level 1! 😕 HP[-2]
You take 2 damage, and now have 11/13 hp.
No target in view!
No target in view!
d - an inky potion 😕 HP[+1]
e - 6 curare-tipped darts {=f} 😎 HP[+1]
Your hp is fully restored (13).
You see here a +2 robe of cold resistance.
A bat comes into view.
A bat is nearby!
A bat is nearby!
You hit the bat. The bat barely misses you.
The bat hits you but does no damage. The bat hits you. 😕 HP[-1]
You take 1 damage, and now have 12/13 hp.
A bat is nearby!
You hit the bat but do no damage. The bat hits you but does no damage.
You closely miss the bat. The bat closely misses you.
A bat is nearby!
The bat closely misses you.
You closely miss the bat. The bat barely misses you. 😎 HP[+1]
Your hp is fully restored (13).
A bat is nearby!
The bat hits you but does no damage.
You hit the bat. The bat barely misses you.
A bat is nearby!
You closely miss the bat. The bat misses you.
You hit the bat.
You kill the bat!
f - 7 stones A bat comes into view.
The bat hits you but does no damage.
A bat is nearby!
A jackal and a goblin come into view.
The goblin shouts!
The bat barely misses you.
The jackal barks!
You hit the bat. The bat hits you but does no damage.
A quokka comes into view.
There are monsters nearby!
A giant cockroach comes into view.
The bat hits you but does no damage.
A rat comes into view.
A kobold comes into view. It is wielding a +0 short sword.
The jackal closely misses you. The bat misses you.
There are monsters nearby!
The kobold shouts!
You hit the bat but do no damage. You punch the bat.
The bat closely misses you. The jackal closely misses you.
The bat barely misses you. The jackal closely misses you.
You barely miss the bat. The bat hits you but does no damage.
The goblin barely misses you. The jackal bites you. 😕 HP[-1]
You take 1 damage, and now have 12/13 hp.
You hit the bat.
You kill the bat!
A bat comes into view.
The jackal bites you but does no damage.
The goblin closely misses you.
You hit the quokka. The jackal bites you.
The giant cockroach waves its antennae.
The quokka barely misses you.
The goblin hits you with a +0 dagger. 😮 HP[-4]
You take 4 damage, and now have 8/13 hp.
MASSIVE DAMAGE!! (PAUSE)
The jackal bites you.
* * * LOW HITPOINT WARNING * * *
😨 HP[-3]
You take 3 damage, and now have 5/13 hp.
MASSIVE DAMAGE!! (PAUSE)
The quokka attacks as it pursues you! The quokka closely misses you.
The quokka attacks as it pursues you! The quokka closely misses you.
The quokka bites you.
* * * LOW HITPOINT WARNING * * *
😨 HP[-1]
You take 1 damage, and now have 4/13 hp.
It was a potion of might.
You feel very mighty all of a sudden. The quokka bites you.
* * * LOW HITPOINT WARNING * * *
😱 HP[-1]
You take 1 damage, and now have 3/13 hp.
You hit the quokka. The quokka closely misses you.
You miss the quokka.
The quokka bites you but does no damage.
You closely miss the quokka. The quokka bites you.
You die...

Skill      XL: |  1 |
---------------+----+-----
Short Blades   | 1 |  1.0
Dodging        | |  1.7
Stealth        | |  2.7
Spellcasting   | |  2.0
Hexes          | |  3.0

Action                     || total
---------------------------++-------
  Melee: Dagger            ||    19
         Punch             ||     1
    Use: Potion            ||     1
 Armour: Robe              ||    17
  Dodge: Dodged            ||    20

Levels and vault maps discovered:
D:1:      dpeg_arrival_orchard, layout_basic, minmay_octomino_c4

Notes
Turn   | Place    | Note
-------+----------+-------------------------------------------
     0 | D:1      | kae the Demonspawn Enchanter began the quest for the Orb.
     0 | D:1      | Reached XP level 1. HP: 13/13 MP: 3/3
     0 | D:1      | magus.rc [v1.11.3]
    16 | D:1      | Reached skill level 1 in Short Blades
    92 | D:1      | HP: 3/13 [quokka (1)]
    95 | D:1      | Slain by a quokka

Vanquished Creatures
  An endoplasm (D:1)
  2 bats (D:1)
  A rat (D:1)
4 creatures vanquished.

Table legend:
 A = Non-vault XP
 B = Vault XP
 C = Vault XP percentage of total XP
 D = Non-vault monster count
 E = Vault monster count
 F = Vault count percentage of total count
                 A         B        C        D         E       F
            +---------+---------+-------+---------+---------+-------
      Total |       4 |       1 |  20.0 |       3 |       1 |  25.0
            +---------+---------+-------+---------+---------+-------
        D:1 |       4 |       1 |  20.0 |       3 |       1 |  25.0
            +---------+---------+-------+---------+---------+-------

Skill      XL: |  1 |
---------------+----+-----
Short Blades   | 1 |  1.0
Dodging        | |  1.7
Stealth        | |  2.7
Spellcasting   | |  2.0
Hexes          | |  3.0

Action                     || total
---------------------------++-------
  Melee: Dagger            ||    19
         Punch             ||     1
    Use: Potion            ||     1
 Armour: Robe              ||    17
  Dodge: Dodged            ||    20

Illustrated notes

Table legend:
 A = Kills in this place as a percentage of kills in the entire game.
 B = Kills by you in this place as a percentage of kills by you in the entire game.
 C = Kills by friends in this place as a percentage of kills by friends in the entire game.
 D = Other kills in this place as a percentage of other kills in the entire game.
 E = Experience gained in this place as a percentage of experience gained in the entire game.
 F = Experience gained in this place divided by the number of levels of this place that you have seen.
                   A       B       C       D       E      F
               +-------+-------+-------+-------+-------+----------------------
         Total | 100.0 | 100.0 |   N/A |   N/A | 100.0 |   5.0
       Dungeon | 100.0 | 100.0 |   N/A |   N/A | 100.0 |   5.0
               +-------+-------+-------+-------+-------+----------------------

Table legend: (Time is in decaauts)
 A = Elapsed time spent in this place.
 B = Non-inter-level travel time spent in this place.
 C = Inter-level travel time spent in this place.
 D = Time resting spent in this place.
 E = Time spent auto-exploring this place.
 F = Levels seen in this place.
 G = Mean time per level.
                   A        B        C        D        E       F      G
               +--------+--------+--------+--------+--------+-----+--------+
         Total |     94 |     94 |      0 |      0 |     53 |   1 |   94.0 |
       Dungeon |     94 |     94 |      0 |      0 |     53 |   1 |   94.0 |
               +--------+--------+--------+--------+--------+-----+--------+

Top non-repeatable levels by time:
     D:1: 94 daAuts
